 Dungeon Crawl Stone Soup version 0.31.0 (webtiles) character file.

Game seed: 11922694224121329237

244 qw the Trooper (level 6, -2/41 HPs)
             Began as a Gargoyle Hunter on Jan 19, 2024.
             Slain by a goblin
             ... wielding a +0 dagger
             ... led by Robin
              (5 damage)
             ... on level 3 of the Dungeon.
             The game lasted 00:00:04 (1177 turns).

qw the Trooper (Gargoyle Hunter)                    Turns: 1177, Time: 00:00:05

Health: -2/41      AC: 10    Str: 14    XL:     6   Next: 10%
Magic:  6/6        EV: 11    Int: 10    God:
Gold:   122        SH:  0    Dex: 15    Spells: 5/5 levels left

rFire   . . .        a - +0 shortbow
rCold   . . .        (shield currently unavailable)
rNeg    + + .        c - +0 leather armour
rPois   inf          (no helmet)
rElec   +            (no cloak)
rCorr   .            b - +2 pair of gloves "Pubbask" {rN+ Will++}
SInv    .            (no boots)
Will    ++...        (no amulet)
Stlth   ++           (no ring)
HPRegen 0.26/turn    (no ring)
MPRegen 0.10/turn

%: no passive effects
@: no status effects
A: sickness immunity, AC +4, negative energy resistance 1, electricity
resistance, torment resistance 1, petrification resistance
a: no special abilities


You were on level 3 of the Dungeon.
You visited 1 branch of the dungeon, and saw 3 of its levels.

You collected 122 gold pieces.


Innate Abilities, Weirdness & Mutations

You are immune to sickness and miasma.
Your stone body is resilient. (AC +4)
You are immune to poison.
You resist negative energy. (rN+)
You are resistant to electric shocks. (rElec)
You are resistant to unholy torment.
You are immune to petrification.


   Skills:
 - Level 5.8 Fighting
 + Level 5.1 Ranged Weapons
 - Level 1.5 Dodging
 - Level 1.1 Stealth


You had 5 spell levels left.
You didn't know any spells.
Your spell library was empty.

Inventory:

Hand Weapons
 a - a +0 shortbow (weapon)
Armour
 b - the +2 pair of gloves "Pubbask" (worn) {rN+ Will++}
   (You acquired it on level 2 of the Dungeon)

   rN+:       It protects you from negative energy.
   Will++:    It greatly increases your willpower.
 c - a +0 leather armour (worn)
Potions
 e - 5 potions of curing

Dungeon Overview and Level Annotations

Branches:
Dungeon (3/15)

Altars:
Hepliaklqana

Shops:
D:2 (

Annotations:
D:3 1 transporter, Robin; qw's ghost, amateur GrHu


Message History

You shoot an arrow. The quasit gives a chilling moan.
The arrow hits Robin.
Robin is lightly wounded.
The goblin no longer looks unusually strong. x2
The hobgoblin barely misses you.
The goblin hits you but does no damage. x2
Robin hits you but does no damage. The goblin closely misses you.
The goblin hits you but does no damage.
You shoot an arrow. The arrow closely misses Robin.
The hobgoblin barely misses you. The goblin closely misses you. x2
Robin roars a battlecry!
The goblins go into a battle-frenzy!
The goblin closely misses you. The goblin hits you with a +0 dagger.
You shoot an arrow. The arrow barely misses Robin.
The hobgoblin no longer looks unusually strong.
The goblin no longer looks unusually strong.
The goblin barely misses you.
The hobgoblin hits you but does no damage.
The goblin hits you but does no damage.
Robin zaps a wand.
The puff of flame hits you.
The goblin hits you with a +0 dagger of holy wrath.
The goblin barely misses you. The hobgoblin closely misses you.
The goblin hits you with a +0 dagger. x2
The goblin hits you but does no damage. Robin hits you but does no damage.
The goblin hits you but does no damage.
You shoot an arrow. The arrow hits Robin.
Robin is heavily wounded.
A giant cockroach comes into view.
The hobgoblin hits you but does no damage.
The goblin hits you but does no damage. The goblin barely misses you.
Robin points. "Kill!"
Robin zaps a wand.
The puff of flame misses you.
The puff of flame hits the goblin.
The goblin dies!
The goblin barely misses you. The goblin hits you but does no damage.
You shoot an arrow. The arrow barely misses Robin.
The goblin barely misses you. Robin hits you but does no damage.
The goblin closely misses you. The hobgoblin hits you.
The goblin hits you with a +0 dagger.
You die...

#. #. W^ #.# .. #..
#.. B. ...# ##.# .#
#...#..# [# #
#.5W#..## .##.###
..55#...##g...... #.
###...g@gw.....
.#####....#gggg.....
.......#...#.g..)...
....................
#########....##......
... ##........... #.#
###..........
###..####............
..........##.......


You could see a ribbon worm, Robin, 3 quasits, qw's ghost, a giant cockroach, a
hobgoblin and 6 goblins.

Vanquished Creatures
  Grinder (D:3)
  An adder (D:2)
  3 dart slugs
  2 endoplasms
  2 giant cockroaches
  3 goblins
  3 hobgoblins
  3 jackals (D:1)
  A kobold (D:1)
  A quokka (D:2)
  4 ball pythons
  5 bats
  2 frilled lizards
  A rat (D:1)
32 creatures vanquished.

Vanquished Creatures (others)
  A goblin (D:3)
1 creature vanquished.

Grand Total: 33 creatures vanquished

Notes
Turn   | Place    | Note
-------+----------+-------------------------------------------
     0 | D:1      | qw the Gargoyle Hunter began the quest for the Orb.
     0 | D:1      | Reached XP level 1. HP: 12/12 MP: 1/1
     0 | D:1      | 0 ||| qw: Version: 0.3-a-132-g3d54051
     0 | D:1      | 0 ||| qw: Game counter: 335
     0 | D:1      | 0 ||| qw: Melee chars always use a shield: true
     0 | D:1      | 0 ||| qw: God list: Okawaru
     0 | D:1      | 0 ||| qw: Allow faded altars: false
     0 | D:1      | 0 ||| qw: Do Orc after clearing Dungeon:15 true
     0 | D:1      | 0 ||| qw: Do second Lair branch before Depths: true
     0 | D:1      | 0 ||| qw: Lair rune preference: random
     0 | D:1      | 0 ||| qw: Goals: Normal
     0 | D:1      | 0 ||| PLANNING D:1-11
    66 | D:1      | Reached XP level 2. HP: 17/17 MP: 2/2
   215 | D:1      | 215 ||| DROPPING +2 sling of flaming.
   413 | D:1      | 413 ||| READING scroll labelled XUECKY EMIWOUD.
   418 | D:1      | 418 ||| DRINKING 2 murky silvery potions.
   419 | D:1      | 419 ||| DRINKING 4 bubbling black potions.
   420 | D:1      | 420 ||| DROPPING scroll of butterflies.
   421 | D:1      | 421 ||| DROPPING potion of degeneration.
   448 | D:2      | Reached XP level 3. HP: 21/21 MP: 3/3
   519 | D:2      | Found Riemuzuz's Weapon Shop.
  1011 | D:2      | Found a hazy altar of Hepliaklqana.
  1057 | D:2      | 1057 ||| READING scroll labelled QUUKKY NEHUFF.
  1058 | D:2      | 1058 ||| READING scroll labelled YRURU LIG XYX.
  1058 | D:2      | Identified a scroll of acquirement
  1058 | D:2      | 1058 ||| ACQUIRING +2 pair of gloves "Pubbask" {rN+ Will++}
  1058 | D:2      | Acquired the +2 pair of gloves "Pubbask" {rN+ Will++}
  1060 | D:2      | 1060 ||| UPGRADING to +2 pair of gloves "Pubbask" {rN+
                  | Will++}.
  1065 | D:2      | 1065 ||| READING 2 scrolls labelled PYTRISU JYOT.
  1065 | D:2      | 1065 ||| IDENTIFYING scroll labelled WUTIR LORA
  1066 | D:2      | 1066 ||| READING scroll of identify.
  1066 | D:2      | 1066 ||| IDENTIFYING scroll labelled ACZIWN ITAV
  1067 | D:2      | 1067 ||| READING scroll labelled UCVOTA BUFAWK.
  1068 | D:2      | 1068 ||| DROPPING scroll of noise.
  1069 | D:2      | 1069 ||| DROPPING scroll of revelation.
  1094 | D:3      | Noticed Grinder
  1131 | D:3      | Killed Grinder
  1132 | D:3      | Reached XP level 4. HP: 32/32 MP: 4/4
  1132 | D:3      | Reached XP level 5. HP: 36/36 MP: 5/5
  1132 | D:3      | Reached XP level 6. HP: 41/41 MP: 6/6
  1152 | D:3      | Found a transporter.
  1152 | D:3      | Noticed qw's ghost (amateur GrHu)
  1157 | D:3      | Noticed Robin
  1175 | D:3      | HP: 10/41 [Robin/puff of flame (1)]
  1175 | D:3      | HP: 3/41 [goblin/+0 dagger[Robin] (2)]
  1177 | D:3      | Slain by a goblin

Levels and vault maps discovered:
D:1:      lightli_arrival_noodles, layout_rooms, chequers_avenue
D:2:      layout_loops_ring, basic_altar, serial_shops, shop
D:3:      layout_rooms, gammafunk_ghost_stat_death, uniq_robin, uniq_grinder,
          uniq_natasha

Skill      XL: |  1  2  3 |
---------------+----------+-----
Ranged Weapons | 5 |  5.1
Fighting       | 5 |  5.8
Dodging        | |  1.5
Stealth        | |  1.1

Action                     |  1- 3 |  4- 6 || total
---------------------------+-------+-------++-------
   Fire: Shortbow          |   113 |    22 ||   135
    Use: Potion            |     2 |       ||     2
         Scroll            |     6 |       ||     6
 Armour: Leather armour    |    19 |    55 ||    74
  Dodge: Dodged            |    13 |    42 ||    55

Table legend:
 A = Non-vault XP
 B = Vault XP
 C = Vault XP percentage of total XP
 D = Non-vault monster count
 E = Vault monster count
 F = Vault count percentage of total count
                 A         B        C        D         E       F
            +---------+---------+-------+---------+---------+-------
      Total |      62 |     287 |  82.2 |      28 |       4 |  12.5
            +---------+---------+-------+---------+---------+-------
        D:1 |      32 |       0 |   0.0 |      17 |       0 |   0.0
        D:2 |      30 |       0 |   0.0 |      11 |       0 |   0.0
        D:3 |       0 |     287 | 100.0 |       0 |       4 | 100.0
            +---------+---------+-------+---------+---------+-------
